 Dungeon Crawl Stone Soup version 0.27-a0-385-g3208abaabc (webtiles) character file.

Game seed: 1584064196172008188

30 dickylongcocking the Vexing (level 3, -3/15 HPs)
             Began as a Felid Enchanter on Feb 18, 2021.
             Slain by a worm (10 damage)
             ... on level 2 of the Dungeon.
             The game lasted 00:01:42 (2673 turns).

dickylongcocking the Vexing (Felid Enchanter)       Turns: 2673, Time: 00:01:43

Health: -3/15      AC:  1    Str:  4    XL:     3   Next: 5%
Magic:  5/7        EV: 18    Int: 17    God:
Gold:   24         SH:  0    Dex: 16    Spells: 3/6 levels left
                                        Lives:  0   Deaths: 0

rFire    . . .     SeeInvis +     - Unarmed
rCold    . . .     Faith    .   (shield unavailable)
rNeg     . . .     Spirit   .   (armour unavailable)
rPois    .         Reflect  .   (helmet unavailable)
rElec    .         Harm     .   (cloak unavailable)
rCorr    .         Rampage  .   (gloves unavailable)
Will     .....                  (boots unavailable)
Stlth    +++.......             (no amulet)
HPRegen  0.05/turn              (no ring)
MPRegen  0.10/turn              (no ring)

@: quick
A: very small, no armour, no weapons or thrown items, stealth, claws 1, fangs 3,
see invisible, speed 1, shaggy fur 1, sharp paws
a: no special abilities


You were on level 2 of the Dungeon.
You visited 1 branch of the dungeon, and saw 2 of its levels.

You collected 24 gold pieces.

Inventory:

Scrolls
 a - a scroll of identify {unknown}
Potions
 b - a potion of heal wounds {unknown}
 c - a potion of brilliance {unknown}


   Skills:
 * Level 1.5 Fighting
 - Level 2.6 Dodging
 - Level 4.0 Stealth
 * Level 2.0 Unarmed Combat
 - Level 2.0 Spellcasting
 * Level 4.7 Hexes
 * Level 0.3 Ice Magic


You had 3 spell levels left.
You knew the following spells:

 Your Spells              Type           Power        Failure   Level
a - Ensorcelled Hibernat  Hex/Ice        20%          11%         2
b - Corona                Hex            18%          2%          1

Your spell library contained the following spells:

 Spells                   Type           Power        Failure   Level
 Confusing Touch          Hex            17%          9%          3
 Tukima's Dance           Hex            17%          9%          3
 Dazzling Flash           Conj/Hex       18%          22%         3


Dungeon Overview and Level Annotations

Branches:
Dungeon (2/15)

Altars:


Innate Abilities, Weirdness & Mutations

You cannot wear armour.
You are incapable of wielding weapons or throwing items.
Your paws allow you to move quietly. (Stealth)
You have sharp claws.
You have razor-sharp teeth.
You have supernaturally acute eyesight. (SInv)
You cover ground quickly.
You are covered in fur. (AC +1)
Your sharp claws are effective at attacking unaware monsters.


Message History

There is a stone staircase leading down here.
Unknown command.
Unknown command.
Unknown command.
You start resting.
Magic restored.
You start resting.
HP restored.
You climb downwards.
The worm barely misses you.
There is a stone staircase leading up here.
Unknown command.
Unknown command.
Casting: Ensorcelled Hibernation (safe; 11% risk of failure)
Confirm with . or Enter, or press ? or * to list all spells.
Aiming: Ensorcelled Hibernation (safe; 11% risk of failure)
Press: ? - help, Shift-Dir - straight line, f - worm
Aim: a worm (chance to affect: 50%)
The worm looks drowsy...
Unknown command.
Unknown command.
The helpless worm fails to defend itself.
You claw the worm! Your bite misses the worm.
The worm is severely wounded.
The worm misses you.
Casting: Ensorcelled Hibernation (safe; 11% risk of failure)
Confirm with . or Enter, or press ? or * to list all spells.
Aiming: Ensorcelled Hibernation (safe; 11% risk of failure)
Press: ? - help, Shift-Dir - straight line, f - you, p - worm
Okay, then.
You scratch the worm.
The worm is severely wounded.
The worm bites you!
Ouch! That really hurt!
You barely miss the worm. You bite the worm, but do no damage.
The worm is severely wounded.
You scratch the worm.
The worm is almost dead.
The worm bites you!
Ouch! That really hurt!
You die...

.#.........)w...#
...........####.#
#........#.# #.#
#..###..#.####.##
#...####...####
#..##.........#
...##.##...##.#
....#..w##.## #
###...###@#.###.##
.....# #..........
#.#...#
#.###.#.### #
#..#...## .# #.
#.# # #. #. #


You could see a worm.

Vanquished Creatures
  An ooze (D:1)
  A worm (D:2)
  A leopard gecko (D:1)
  3 goblins (D:1)
  4 hobgoblins
  5 bats
  3 frilled lizards (D:1)
  A kobold (D:1)
  4 rats (D:1)
23 creatures vanquished.

Notes
Turn   | Place    | Note
-------+----------+-------------------------------------------
     0 | D:1      | dickylongcocking the Felid Enchanter began the quest for
                  | the Orb.
     0 | D:1      | Reached XP level 1. HP: 7/7 MP: 4/4
   805 | D:1      | Reached skill level 1 in Fighting
   808 | D:1      | Reached XP level 2. HP: 7/12 MP: 3/6
  1579 | D:1      | Learned a level 2 spell: Ensorcelled Hibernation
  2406 | D:2      | Reached XP level 3. HP: 1/15 MP: 1/7
  2673 | D:2      | Slain by a worm

Illustrated notes

Levels and vault maps discovered:
D:1:      nicolae_arrival_somewhat_less_tricky_arrival, layout_basic
D:2:      layout_loops_ring

Skill      XL: |  1  2 |
---------------+-------+-----
Fighting       | 1 |  1.5
Unarmed Combat | 2 |  2.0
Dodging        | |  2.6
Stealth        | |  4.0
Spellcasting   | |  2.0
Hexes          | |  4.7
Ice Magic      | |  0.3

Action                   || total
-------------------------++-------
Melee: Unarmed           ||    66
       Bite              ||     3
       Punch             ||     1
 Cast: Corona            ||     4
       Ensorcelled Hiber ||     6
 Stab: Sleeping          ||    12
Armor: Skin              ||     1
Dodge: Dodged            ||    50

Table legend: (Time is in decaauts)
 A = Elapsed time spent in this place.
 B = Non-inter-level travel time spent in this place.
 C = Inter-level travel time spent in this place.
 D = Time resting spent in this place.
 E = Time spent auto-exploring this place.
 F = Levels seen in this place.
 G = Mean time per level.
                   A        B        C        D        E       F      G
               +--------+--------+--------+--------+--------+-----+--------+
         Total |   2434 |   2367 |     67 |   1333 |    834 |   2 | 1217.0 |
       Dungeon |   2434 |   2367 |     67 |   1333 |    834 |   2 | 1217.0 |
               +--------+--------+--------+--------+--------+-----+--------+

Top non-repeatable levels by time:
     D:1: 2370 daAuts
     D:2: 64 daAuts
